 Dungeon Sprint DCSS version 0.30.1-11-g7821555f0a (webtiles) character file.

Game seed: 14041338868201228844

73845 Groucho the Intangible (level 15, -8/91 HPs)
             Began as a Spriggan Hunter on Jan 3, 2024.
             Was a High Priest of Qazlal.
             Mangled by Ehaahes the pandemonium lord (39 damage)
             ... in the Dungeon (Sprint VII: "The Pits").
             The game lasted 00:30:42 (12727 turns).

Groucho the Intangible (Spriggan Hunter)           Turns: 12727, Time: 00:30:42

Health: -8/91      AC: 10    Str:  9    XL:     15   Next: 5%
Magic:  30/30      EV: 49    Int: 11    God:    Qazlal [*****.]
Gold:   38         SH: 12    Dex: 29    Spells: 30/35 levels left

rFire   + . .        a - +4 arbalest
rCold   . . .        (shield currently unavailable)
rNeg    . . .        c - +6 acid dragon scales
rPois   +            (helmet restricted)
rElec   .            s - +0 cloak "Halu" {+Blink Will++}
rCorr   +            (gloves unavailable)
SInv    +            (boots unavailable)
Will    +++++        J - amulet of Deto {Reflect Will+ SH+5 Stlth+}
Stlth   +            K - ring "Gick" {rPois Str+2 Dex+3 Slay+5}
HPRegen 0.35/turn    N - ring of Midsummer {+Blink rF+ Slay+5 Stlth+}
MPRegen 0.22/turn

%: no teleportation, repel missiles, reflection
@: corroded, very quick
A: very small, no large weapons, unfitting armour, see invisible, speed 3
a: Renounce Religion, Evoke Blink, Upheaval, Elemental Force, Disaster Area


You were in the Dungeon.
You worshipped Qazlal.
Qazlal was extremely pleased with you.
You visited 1 branch You collected 38 gold pieces.

Inventory:

Hand Weapons
 a - a +4 arbalest (weapon)
Missiles
 q - 3 throwing nets
Armour
 c - +6 acid dragon scales (worn)
 s - the +0 cloak "Halu" (worn) {+Blink Will++}
   (You found it in the Dungeon)

   +Blink:    It lets you blink.
   Will:      It greatly increases your willpower.
 E - a +2 cloak
Jewellery
 m - a +3 ring of dexterity
 n - a +3 ring of protection
 p - the amulet "Isuirac" {Reflect rCorr MP+9 Int-5 SH+5}
   (You found it in the Dungeon)

   [amulet of reflection]

   It reflects blocked missile attacks.
   Int:       It affects your intelligence (-5).
   MP:        It affects your magic capacity (+9).
   rCorr:     It protects you from acid and corrosion.
   SH:        It affects your SH (+5).
 r - the ring of Xextimemats {Fire rElec Int+6}
   (You found it in the Dungeon)

   [ring of fire]

   It enhances your fire magic.
   Int:       It affects your intelligence (+6).
   rF:        It protects you from fire.
   rC:        It makes you vulnerable to cold.
   rElec:     It insulates you from electricity.
 t - the ring "Parutij" {*Corrode rN++ Str+4 Dex+6 SInv}
   (You found it in the Dungeon)

   [ring of dexterity]

   Str:       It affects your strength (+4).
   Dex:       It affects your dexterity (+6).
   rN:        It greatly protects you from negative energy.
   SInv:      It lets you see invisible.
   *Corrode:  It may corrode you when you take damage.
 v - the ring "Zisaff" {Fly AC+6 Int+4}
   (You found it in the Dungeon)

   [ring of protection]

   AC:        It affects your AC (+6).
   Int:       It affects your intelligence (+4).
   Fly:       It grants you flight.
 z - the ring "Noikhlo" {rCorr Str+6}
   (You found it in the Dungeon)

   [ring of strength]

   Str:       It affects your strength (+6).
   rCorr:     It protects you from acid and corrosion.
 C - the amulet of Sanker {Reflect rElec rCorr Str+2 Dex+2 SH+5}
   (You found it in the Dungeon)

   [amulet of reflection]

   It reflects blocked missile attacks.
   Str:       It affects your strength (+2).
   Dex:       It affects your dexterity (+2).
   rElec:     It insulates you from electricity.
   rCorr:     It protects you from acid and corrosion.
   SH:        It affects your SH (+5).
 D - the ring "Yllein" {Wiz +Blink Dex+2}
   (You found it in the Dungeon)

   [ring of wizardry]

   It improves your spell success rate.
   Dex:       It affects your dexterity (+2).
   +Blink:    It lets you blink.
 F - the ring "Fac Rill" {rF+ Int+6 Stlth+}
   (You found it in the Dungeon)

   [ring of intelligence]

   Int:       It affects your intelligence (+6).
   rF:        It protects you from fire.
   Stlth:     It makes you more stealthy.
 G - the ring of Emufisuo {+Blink rCorr Slay+5 Stlth+}
   (You found it in the Dungeon)

   [ring of slaying]

   Slay:      It affects your accuracy & damage with ranged weapons and melee
   (+5).
   +Blink:    It lets you blink.
   rCorr:     It protects you from acid and corrosion.
   Stlth:     It makes you more stealthy.
 H - the ring of the Crafting Hero {rF+ rN+ Str+6 Dex-5}
   (You found it in the Dungeon)

   [ring of strength]

   Str:       It affects your strength (+6).
   Dex:       It affects your dexterity (-5).
   rF:        It protects you from fire.
   rN:        It protects you from negative energy.
 I - the ring of Bateitz {Will- rCorr EV+5 Dex+3}
   (You found it in the Dungeon)

   [ring of evasion]

   EV:        It affects your evasion (+5).
   Dex:       It affects your dexterity (+3).
   rCorr:     It protects you from acid and corrosion.
   Will:      It decreases your willpower.
 J - the amulet of Deto (around neck) {Reflect Will+ SH+5 Stlth+}
   (You found it in the Dungeon)

   [amulet of reflection]

   It reflects blocked missile attacks.
   SH:        It affects your SH (+5).
   Will:      It increases your willpower.
   Stlth:     It makes you more stealthy.
 K - the ring "Gick" (left hand) {rPois Str+2 Dex+3 Slay+5}
   (You found it in the Dungeon)

   [ring of slaying]

   Str:       It affects your strength (+2).
   Dex:       It affects your dexterity (+3).
   Slay:      It affects your accuracy & damage with ranged weapons and melee
   (+5).
   rPois:     It protects you from poison.
 L - the amulet of Xuzysiann {rN+ Regen+ Str-2 Int+3}
   (You found it in the Dungeon)

   [amulet of regeneration]

   Str:       It affects your strength (-2).
   Int:       It affects your intelligence (+3).
   rN:        It protects you from negative energy.
   Regen:     It increases your rate of health regeneration.
 N - the ring of Midsummer (right hand) {+Blink rF+ Slay+5 Stlth+}
   (You found it in the Dungeon)

   [ring of slaying]

   Slay:      It affects your accuracy & damage with ranged weapons and melee
   (+5).
   rF:        It protects you from fire.
   +Blink:    It lets you blink.
   Stlth:     It makes you more stealthy.
 O - the ring of Awaut {rF+ rCorr Str-2 Dex+5 SInv}
   (You found it in the Dungeon)

   [ring of resist corrosion]

   Str:       It affects your strength (-2).
   Dex:       It affects your dexterity (+5).
   rF:        It protects you from fire.
   SInv:      It lets you see invisible.
   rCorr:     It protects you from acid and corrosion.
 T - the ring "Axir" {Wiz Will+ Stlth+}
   (You found it in the Dungeon)

   [ring of wizardry]

   It improves your spell success rate.
   Will:      It increases your willpower.
   Stlth:     It makes you more stealthy.
 U - the ring of Vycuowe {rElec Will+ rCorr Int+3 SInv}
   (You found it in the Dungeon)

   [ring of willpower]

   Int:       It affects your intelligence (+3).
   rElec:     It insulates you from electricity.
   SInv:      It lets you see invisible.
   rCorr:     It protects you from acid and corrosion.
   Will:      It increases your willpower.
 W - the ring "Wohotif" {Fly rC+ Int+3 Dex-3 SInv}
   (You found it in the Dungeon)

   [ring of see invisible]

   Int:       It affects your intelligence (+3).
   Dex:       It affects your dexterity (-3).
   rC:        It protects you from cold.
   SInv:      It lets you see invisible.
   Fly:       It grants you flight.
 Y - the ring "Budwuesumu" {rC+++ rN++ Will+ MP-9 Dex+3}
   (You found it in the Dungeon)

   [ring of willpower]

   Dex:       It affects your dexterity (+3).
   rC:        It renders you almost immune to cold.
   rN:        It greatly protects you from negative energy.
   MP:        It affects your magic capacity (-9).
   Will:      It increases your willpower.
Wands
 o - a wand of roots (8)
 Q - a wand of light (6)
 S - a wand of paralysis (4)
Scrolls
 b - a scroll of immolation
 i - 2 scrolls of blinking
 k - 5 scrolls of amnesia
 l - a scroll of summoning
 w - 2 scrolls of identify
 x - a scroll of fear
 y - a scroll of fog
 A - 2 scrolls of enchant armour
Potions
 d - 15 potions of curing
 e - 17 potions of heal wounds
 f - 6 potions of haste
 g - 9 potions of magic
 h - 8 potions of berserk rage
 j - 2 potions of invisibility
 u - a potion of brilliance
 B - a potion of resistance
 R - 2 potions of mutation


   Skills:
 + Level 15.9 Fighting
 - Level 18.0 Ranged Weapons
 + Level 16.0 Armour
 O Level 27 Dodging
 - Level 1.5 Stealth
 + Level 10.8 Spellcasting
 + Level 8.3 Necromancy
 + Level 8.3 Earth Magic
 - Level 16.0 Invocations
 - Level 5.0 Evocations


You had 30 spell levels left.
You knew the following spells:

 Your Spells              Type           Power      Damage    Failure   Level
a - Borgnjor's Vile Clut  Necr/Erth      12%        N/A       16%         5

Your spell library contained the following spells:

 Spells                   Type           Power      Damage    Failure   Level
 Sandblast                Erth           48%        2d12      1%          1
 Passwall                 Tmut/Erth      12%        N/A       4%          2
 Cigotuvi's Dreadful Rot  Necr/Pois/Air  24%        N/A       8%          2
 Stone Arrow              Conj/Erth      30%        3d8       9%          3
 Agony                    Necr           24%        N/A       16%         5
 Lee's Rapid Deconstruct  Erth           12%        3d8*      16%         5
 Magic Dart               Conj           20%        1d4       17%         1
 Summon Small Mammal      Summ           20%        N/A       17%         1
 Blink                    Tloc           10%        N/A       26%         2
 Call Imp                 Summ           10%        N/A       26%         2
 Lesser Beckoning         Tloc           10%        N/A       26%         2
 Momentum Strike          Conj/Tloc      10%        3d8       26%         2
 Scorch                   Fire           10%        2d5       26%         2
 Animate Armour           Summ/Erth      30%        N/A       30%         4
 Leda's Liquefaction      Hex/Erth       7%         N/A       30%         4
 Petrify                  Tmut/Erth      15%        N/A       30%         4
 Call Canine Familiar     Summ           5%         N/A       45%         3
 Confusing Touch          Hex            5%         N/A       45%         3
 Inner Flame              Hex/Fire       5%         N/A       45%         3
 Mephitic Cloud           Conj/Pois/Air  5%         N/A       45%         3
 Summon Guardian Golem    Hex/Summ       5%         N/A       45%         3
 Flame Wave               Conj/Fire      5%         2d5       86%         4
 Iskenderun's Mystic Bla  Conj/Tloc      5%         2d3       86%         4
 Manifold Assault         Tloc           5%         N/A       86%         4
 Olgreb's Toxic Radiance  Pois           5%         N/A       86%         4
 Sticky Flame             Conj/Fire      5%         2d3       86%         4
 Summon Ice Beast         Ice/Summ       5%         N/A       86%         4
 Alistair's Intoxication  Tmut/Pois      3%         N/A       99%         5
 Summon Mana Viper        Hex/Summ       5%         N/A       99%         5
 Simulacrum               Ice/Necr       7%         N/A       99%         6
 Statue Form              Tmut/Erth      10%        N/A       99%         6
 Eringya's Noxious Bog    Tmut/Pois      2%         N/A       100%        6
 Starburst                Conj/Fire      2%         6d3       100%        6
 Summon Cactus Giant      Summ           2%         N/A       100%        6
 Monstrous Menagerie      Summ           2%         N/A       100%        7
 Orb of Destruction       Conj           2%         9d5       100%        7
 Ozocubu's Refrigeration  Ice            2%         4d8       100%        7
 Spellforged Servitor     Conj/Summ      2%         N/A       100%        7
 Discord                  Hex            2%         N/A       100%        8
 Ignition                 Fire           2%         3d3       100%        8
 Infestation              Necr           12%        N/A       100%        8
 Lehudib's Crystal Spear  Conj/Erth      7%         10d3      100%        8
 Death's Door             Necr           12%        N/A       100%        9
 Polar Vortex             Ice            2%         N/A       100%        9


Dungeon Overview and Level Annotations

Branches:
Dungeon (1/1)

Altars:
Ashenzari
Cheibriados
Dithmenos
Elyvilon
Fedhas
Gozag
Hepliaklqana
Kikubaaqudgha
Makhleb
Nemelex Xobeh
Okawaru
Qazlal
Ru
Sif Muna
Trog
Uskayaw
Vehumet
Wu Jian
Xom
Yredelemnul
Zin
The Shining One
Jiyva
Lugonu


Innate Abilities, Weirdness & Mutations

You are very small and have problems with some larger weapons.
You are too small for most types of armour.
You have supernaturally acute eyesight. (SInv)
You cover ground extremely quickly. (Speed+++)


Message History

You shoot a bolt. The bolt hits Axzu!
Axzu is severely wounded.
Axzu gestures at you. The bolt of energy misses you.
You shoot a bolt. The bolt barely misses Axzu.
Axzu completely misses you.
You shoot a bolt. The bolt hits Axzu!
Axzu is severely wounded.
You block Axzu's attack.
You shoot a bolt. The bolt hits Axzu!!
Axzu is almost dead.
Axzu closely misses you.
You shoot a bolt. The bolt hits Axzu!
Axzu is almost dead.
Axzu closely misses you.
You shoot a bolt. The bolt hits Axzu!!
You kill Axzu!
Qazlal accepts your kill.
Your Armour skill increases to level 16!
You start resting.
Magic restored.
You start resting.
HP restored.
As you read the scroll of enchant armour, it crumbles to dust.
Your +1 cloak glows green for a moment.
Unknown command.
There is an open door, spattered with blood here.
You open the door.
Ehaahes comes into view.
Ehaahes completely misses you. Ehaahes attacks as you move away!
Ehaahes claws you!
There is an open door, spattered with blood here.
Ehaahes attacks as you move away! Ehaahes claws you! Ehaahes corrodes you!
There is an open door here.
Ehaahes attacks as you move away! Ehaahes claws you!! Ehaahes corrodes you!
Ehaahes attacks as you move away! Ehaahes claws you!!
* * * LOW HITPOINT WARNING * * *
Ehaahes attacks as you move away! You block Ehaahes's attack.
Items here: )) [[.
You feel much better. Ehaahes claws you!!!
You die...

#.#
#'#
#.#
#'#
#.#
#'#
##.##
#.&.#
+.@.#
##.##
#'#
#.#
#'#
#.#
#'#
#.#
#[#


You could see Ehaahes.

Vanquished Creatures
  Khufu (D)
  A pearl dragon (D)
  A pandemonium lord (D)
  An electric golem (D)
  A lich (D)
  2 titans (D)
  A deep elf master archer (D)
  A storm dragon (D)
  A draconian monk (D)
  3 nagarajas (D)
  A deep elf sorcerer (D)
  An emperor scorpion (D)
  A ghost moth (D)
  A draconian shifter (D)
  2 orc warlords (D)
  A draconian annihilator (D)
  A lorocyproca (D)
  A deep elf demonologist (D)
  2 black draconians (D)
  A deep elf annihilator (D)
  2 deep elf death magi (D)
  An ettin (D)
  A green death (D)
  A merfolk impaler (D)
  3 deep elf high priests (D)
  A yaktaur captain (D)
  Harold (D)
  4 vault guards (D)
  A hell beast (D)
  A spriggan air mage (D)
  An ogre mage (D)
  A merfolk avatar (D)
  A naga warrior (D)
  A death yak (D)
  A spriggan berserker (D)
  A vampire mage (D)
  5 deep elf knights (D)
  6 hell knights (D)
  A sun demon (D)
  A shadow wraith (D)
  A sea snake (D)
  A spriggan druid (D)
  A cherub (D)
  A lindwurm (D)
  2 swamp dragons (D)
  2 wizards (D)
  14 orc knights (D)
  A necromancer (D)
  Pikel (D)
  A wolf spider (D)
  An ugly thing (D)
  2 deep elf zephyrmancers (D)
  3 manticores (D)
  5 elephants (D)
  Maurice (D)
  A rust devil (D)
  An eye of devastation (D)
  3 smoke demons (D)
  A gargoyle (D)
  An unseen horror (D)
  An efreet (D)
  A freezing wraith (D)
  A yaktaur (D)
  A polar bear (D)
  A red devil (D)
  A wandering mushroom (D)
  2 merfolk (D)
  3 trolls (D)
  A large abomination (D)
  A jumping spider (D)
  2 shadows (D)
  A ynoxinul (D)
  Eustachio (D)
  2 wraiths (D)
  2 steam dragons (D)
  A basilisk (D)
  2 redbacks (D)
  A warg (D)
  A hell hound (D)
  An acid dragon (D)
  Duvessa (D)
  3 floating eyes (D)
  4 orc warriors (D)
  A black bear (D)
  Pargi (D)
  An ogre (D)
  2 small abominations (D)
  11 wolves (D)
  4 lemures (D)
  Blork the orc (D)
  A scorpion (D)
  A gnoll sergeant (D)
  2 earth elementals (D)
  Dowan (D)
  4 killer bees (D)
  A crimson imp (D)
  A quasit (D)
  2 orc priests (D)
  2 iron imps (D)
  An iguana (D)
  4 orc wizards (D)
  A hell rat (D)
  4 gnolls (D)
  An adder (D)
  An adder zombie (D)
  9 orcs (D)
  A giant cockroach (D)
  A goblin (D)
  3 jackals (D)
  A ball python (D)
  A ball python skeleton (D)
  2 ball python zombies (D)
  A bat (D)
  A frilled lizard (D)
  A jackal zombie (D)
  A quokka simulacrum (D)
  A quokka zombie (D)
210 creatures vanquished.

Vanquished Creatures (others)
  A lich (D)
  A pandemonium lord (D)
2 creatures vanquished.

Grand Total: 212 creatures vanquished

Notes
Turn   | Place    | Note
-------+----------+-------------------------------------------
     0 | D        | Groucho the Spriggan Hunter began the quest for the Orb.
     0 | D        | Reached XP level 1. HP: 10/10 MP: 2/2
    16 | D        | Reached skill level 1 in Invocations
    24 | D        | Found a bloodstained altar of Trog.
    24 | D        | Found a shimmering blue altar of Sif Muna.
    24 | D        | Found a viscous altar of Jiyva.
    24 | D        | Found a hazy altar of Hepliaklqana.
    24 | D        | Found an opulent altar of Gozag.
    25 | D        | Found a glowing golden altar of the Shining One.
    25 | D        | Found a glowing silver altar of Zin.
    25 | D        | Found a basalt altar of Yredelemnul.
    25 | D        | Found a shimmering altar of Xom.
    25 | D        | Found an ornate altar of the Wu Jian Council.
    25 | D        | Found a sacrificial altar of Ru.
    25 | D        | Found a stormy altar of Qazlal.
    25 | D        | Found an iron altar of Okawaru.
    25 | D        | Found a sparkling altar of Nemelex Xobeh.
    25 | D        | Found a burning altar of Makhleb.
    25 | D        | Found a blossoming altar of Fedhas.
    25 | D        | Found a white marble altar of Elyvilon.
    25 | D        | Found a shadowy altar of Dithmenos.
    25 | D        | Found a snail-covered altar of Cheibriados.
    26 | D        | Found a radiant altar of Vehumet.
    26 | D        | Found a corrupted altar of Lugonu.
    27 | D        | Found an ancient bone altar of Kikubaaqudgha.
    27 | D        | Found a hide-covered altar of Uskayaw.
    27 | D        | Found a broken altar of Ashenzari.
    30 | D        | Became a worshipper of Qazlal Stormbringer
    74 | D        | Reached * piety under Qazlal
   263 | D        | Reached ** piety under Qazlal
   416 | D        | Reached XP level 2. HP: 14/14 MP: 4/4
   621 | D        | Noticed a scorpion
   622 | D        | Noticed a floating eye
   643 | D        | Killed a scorpion
   644 | D        | Reached skill level 5 in Invocations
   644 | D        | Reached XP level 3. HP: 16/18 MP: 1/8
   644 | D        | Reached XP level 4. HP: 20/22 MP: 1/9
   832 | D        | Killed a floating eye
   833 | D        | Reached XP level 5. HP: 25/25 MP: 6/11
  1172 | D        | Noticed Pargi
  1174 | D        | Killed Pargi
  1469 | D        | Noticed an ogre
  1469 | D        | Noticed Blork the orc
  1470 | D        | Reached *** piety under Qazlal
  1471 | D        | Reached XP level 6. HP: 30/30 MP: 9/13
  1484 | D        | Killed Blork the orc
  1485 | D        | Reached skill level 10 in Ranged Weapons
  1502 | D        | Reached skill level 10 in Invocations
  1503 | D        | Reached **** piety under Qazlal
  1687 | D        | Noticed Duvessa
  1696 | D        | Killed Duvessa
  1697 | D        | Reached XP level 7. HP: 33/33 MP: 8/16
  1921 | D        | Noticed Dowan
  1926 | D        | Killed Dowan
  2406 | D        | Noticed a wraith
  2415 | D        | Killed a wraith
  2763 | D        | Reached XP level 8. HP: 37/37 MP: 10/18
  2945 | D        | Reached ***** piety under Qazlal
  3286 | D        | Noticed a swamp dragon
  3288 | D        | Noticed an orc knight
  3313 | D        | Reached XP level 9. HP: 41/41 MP: 10/20
  3334 | D        | Killed an orc knight
  3335 | D        | Reached skill level 15 in Ranged Weapons
  3348 | D        | Killed a swamp dragon
  3349 | D        | Reached skill level 15 in Invocations
  3903 | D        | Noticed a polar bear
  3904 | D        | Reached ****** piety under Qazlal
  3905 | D        | Reached skill level 4 in Dodging
  3960 | D        | Killed a polar bear
  3961 | D        | Reached skill level 5 in Dodging
  4012 | D        | Noticed a manticore
  4016 | D        | Noticed a red devil
  4017 | D        | Killed a manticore
  4018 | D        | Reached skill level 6 in Dodging
  4018 | D        | Reached XP level 10. HP: 49/49 MP: 18/23
  4023 | D        | Reached skill level 5 in Fighting
  4023 | D        | Reached skill level 7 in Dodging
  4334 | D        | Noticed a smoke demon
  4335 | D        | Killed a smoke demon
  4336 | D        | Reached skill level 8 in Dodging
  4536 | D        | Noticed Maurice
  4536 | D        | Noticed a shadow wraith
  4538 | D        | Reached skill level 9 in Dodging
  4551 | D        | Killed a shadow wraith
  4552 | D        | Reached skill level 10 in Dodging
  4553 | D        | Killed Maurice
  4554 | D        | Reached skill level 11 in Dodging
  4828 | D        | Noticed Eustachio
  4828 | D        | Noticed Harold
  4843 | D        | Killed Harold
  4844 | D        | Reached skill level 13 in Dodging
  4845 | D        | Killed Eustachio
  4847 | D        | Paralysed by a floating eye for 3 turns
  4852 | D        | Reached skill level 14 in Dodging
  5005 | D        | Noticed a smoke demon
  5007 | D        | Killed a smoke demon
  5008 | D        | Reached skill level 15 in Dodging
  5232 | D        | Noticed Pikel
  5233 | D        | Noticed a manticore
  5233 | D        | Noticed a sea snake
  5234 | D        | Killed Pikel
  5235 | D        | Reached skill level 18 in Dodging
  5235 | D        | Reached XP level 11. HP: 58/58 MP: 15/24
  5253 | D        | Killed a sea snake
  5254 | D        | Reached skill level 19 in Dodging
  6028 | D        | Reached skill level 1 in Armour
  6368 | D        | Noticed a deep elf zephyrmancer
  6372 | D        | Killed a deep elf zephyrmancer
  6373 | D        | Reached skill level 20 in Dodging
  6374 | D        | Noticed an emperor scorpion
  6448 | D        | Killed an emperor scorpion
  6519 | D        | Noticed a death yak
  6522 | D        | Noticed a sun demon
  6532 | D        | Killed a sun demon
  6533 | D        | Reached skill level 21 in Dodging
  6534 | D        | Killed a death yak
  6768 | D        | Noticed a wizard
  6778 | D        | Killed a wizard
  6797 | D        | Noticed a lindwurm
  6800 | D        | Killed a lindwurm
  6822 | D        | Reached skill level 22 in Dodging
  7045 | D        | Noticed an orc knight
  7045 | D        | Noticed an orc knight
  7045 | D        | Noticed an orc knight
  7046 | D        | Noticed an orc knight
  7046 | D        | Noticed an orc warlord
  7046 | D        | Noticed an orc warlord
  7046 | D        | Noticed an orc knight
  7047 | D        | Noticed an orc knight
  7047 | D        | Noticed a vault guard
  7048 | D        | Noticed an orc knight
  7048 | D        | Noticed a deep elf knight
  7048 | D        | Noticed an orc knight
  7048 | D        | Noticed an orc knight
  7048 | D        | Noticed a deep elf knight
  7049 | D        | Noticed a vault guard
  7050 | D        | Killed an orc knight
  7050 | D        | Killed an orc knight
  7050 | D        | Noticed a spriggan air mage
  7050 | D        | Noticed a swamp dragon
  7050 | D        | Noticed an orc knight
  7050 | D        | Noticed a vault guard
  7051 | D        | Killed an orc knight
  7051 | D        | Killed an orc knight
  7051 | D        | Killed an orc knight
  7051 | D        | Killed an orc knight
  7051 | D        | Killed a vault guard
  7051 | D        | Killed a deep elf knight
  7051 | D        | Killed an orc knight
  7051 | D        | Killed an orc knight
  7051 | D        | Killed an orc knight
  7051 | D        | Killed an orc knight
  7051 | D        | Killed an orc warlord
  7051 | D        | Killed a spriggan air mage
  7051 | D        | Noticed a deep elf knight
  7051 | D        | Noticed an orc knight
  7051 | D        | Noticed a deep elf knight
  7052 | D        | Reached skill level 26 in Dodging
  7052 | D        | Reached XP level 12. HP: 63/63 MP: 8/25
  7052 | D        | Killed a vault guard
  7053 | D        | Reached skill level 27 in Dodging
  7079 | D        | Killed a vault guard
  7080 | D        | Reached skill level 5 in Armour
  7132 | D        | Killed an orc warlord
  7470 | D        | Noticed a naga warrior
  7491 | D        | Killed a naga warrior
  7685 | D        | Reached XP level 13. HP: 46/67 MP: 26/26
  7899 | D        | Found the +9 sword of Power {lifebolt}
  8122 | D        | Reached skill level 10 in Armour
  8156 | D        | Got the amulet "Isuirac" {Reflect rCorr MP+9 Int-5 SH+5}
  8504 | D        | Noticed an ettin
  8539 | D        | Reached skill level 10 in Fighting
  8543 | D        | Killed an ettin
  8568 | D        | Noticed a merfolk impaler
  8576 | D        | Killed a merfolk impaler
  8872 | D        | Got the +0 cloak "Halu" {+Blink Will++}
  8973 | D        | Noticed a lich
  8975 | D        | Noticed a deep elf sorcerer
  8976 | D        | Noticed a purple draconian shifter
  8977 | D        | Killed a lich
  8977 | D        | Noticed a black draconian
  8980 | D        | Noticed a deep elf death mage
  8983 | D        | Killed a deep elf sorcerer
  8985 | D        | Killed a black draconian
  8986 | D        | Reached skill level 5 in Evocations
  8986 | D        | Killed a deep elf death mage
  8993 | D        | Killed a purple draconian shifter
  8994 | D        | Reached XP level 14. HP: 70/81 MP: 14/27
  9084 | D        | Noticed a yellow draconian annihilator
  9091 | D        | Killed a yellow draconian annihilator
  9189 | D        | Noticed a nagaraja
  9194 | D        | Killed a nagaraja
  9250 | D        | Noticed a green draconian monk
  9263 | D        | Killed a green draconian monk
  9270 | D        | Learned a level 5 spell: Borgnjor's Vile Clutch
  9280 | D        | Noticed a nagaraja
  9286 | D        | Killed a nagaraja
  9287 | D        | Reached skill level 1 in Spellcasting
  9287 | D        | Reached skill level 1 in Necromancy
  9287 | D        | Reached skill level 1 in Earth Magic
 10255 | D        | Got the Tractate on Darkness and the Scorpion
 10257 | D        | Got Sif Muna's Vademecum on Unholy Liturgies and Silt
 10260 | D        | Got the Omnibus of Captivating Wildfire
 10263 | D        | Got the Omnibus of Massed Superposition
 10263 | D        | Noticed a lich
 10270 | D        | Killed a lich
 10272 | D        | Got Footalom's Volume of Power
 10319 | D        | Reached skill level 5 in Spellcasting
 10592 | D        | Reached skill level 15 in Armour
 10622 | D        | Got the amulet of Sanker {Reflect rElec rCorr Str+2 Dex+2
                  | SH+5}
 10624 | D        | Got the ring "Yllein" {Wiz +Blink Dex+2}
 10626 | D        | Got the ring "Gumoytz" {Ice Str+3}
 10628 | D        | Got the ring of Emufisuo {+Blink rCorr Slay+5 Stlth+}
 10630 | D        | Got the amulet of Oclaplump {Spirit +Blink rN++ rCorr
                  | Dex-5}
 10632 | D        | Got the ring of Bateitz {Will- rCorr EV+5 Dex+3}
 10634 | D        | Got the amulet of Deto {Reflect Will+ SH+5 Stlth+}
 10636 | D        | Got the ring "Gick" {rPois Str+2 Dex+3 Slay+5}
 10638 | D        | Got the amulet of Xuzysiann {rN+ Regen+ Str-2 Int+3}
 10640 | D        | Got the amulet "Laptegh" {Spirit rPois rF+ Will+ Int-3}
 10642 | D        | Got the ring of Midsummer {+Blink rF+ Slay+5 Stlth+}
 10644 | D        | Got the ring of Awaut {rF+ rCorr Str-2 Dex+5 SInv}
 10646 | D        | Got the amulet of Viepp {rF- rN+ Regen+ Stlth+}
 10679 | D        | Got the ring "Axir" {Wiz Will+ Stlth+}
 10681 | D        | Got the ring of Vycuowe {rElec Will+ rCorr Int+3 SInv}
 10683 | D        | Got the ring of Yendor {rF+ rC- Will+ rCorr Int+3}
 10685 | D        | Got the ring "Wohotif" {Fly rC+ Int+3 Dex-3 SInv}
 10687 | D        | Got the ring "Borch" {Contam rPois AC+6 Int+3}
 10689 | D        | Got the ring "Budwuesumu" {rC+++ rN++ Will+ MP-9 Dex+3}
 10691 | D        | Got the ring "Erusk" {Wiz Drain rElec Will- Str+7}
 10712 | D        | Got the ring of Xextimemats {Fire rElec Int+6}
 10714 | D        | Got the ring "Parutij" {*Corrode rN++ Str+4 Dex+6 SInv}
 10716 | D        | Got the ring "Zisaff" {Fly AC+6 Int+4}
 10718 | D        | Got the ring "Noikhlo" {rCorr Str+6}
 10721 | D        | Got the ring "Fac Rill" {rF+ Int+6 Stlth+}
 10723 | D        | Got the ring of the Crafting Hero {rF+ rN+ Str+6 Dex-5}
 10785 | D        | Noticed a titan
 10800 | D        | Killed a titan
 11013 | D        | Noticed Khufu
 11020 | D        | Noticed an emperor scorpion
 11020 | D        | Noticed an emperor scorpion
 11027 | D        | Noticed an emperor scorpion
 11033 | D        | Killed Khufu
 11034 | D        | Reached skill level 15 in Fighting
 11034 | D        | Reached skill level 5 in Necromancy
 11034 | D        | Reached skill level 5 in Earth Magic
 11266 | D        | Noticed a nagaraja
 11274 | D        | Killed a nagaraja
 11281 | D        | Noticed a storm dragon
 11292 | D        | Killed a storm dragon
 11310 | D        | Noticed a pearl dragon
 11310 | D        | Noticed a ghost moth
 11310 | D        | Noticed an electric golem
 11310 | D        | Noticed a deep elf master archer
 11310 | D        | Noticed Cagosuzi the pandemonium lord
 11311 | D        | Killed a ghost moth
 11311 | D        | Killed a deep elf master archer
 11311 | D        | Killed an electric golem
 11311 | D        | Killed a pearl dragon
 11311 | D        | Killed Cagosuzi the pandemonium lord
 11312 | D        | Reached skill level 10 in Spellcasting
 11906 | D        | Noticed a titan
 11930 | D        | Killed a titan
 11931 | D        | Reached XP level 15. HP: 47/91 MP: 26/30
 12661 | D        | Noticed Axzu the pandemonium lord
 12680 | D        | Killed Axzu the pandemonium lord
 12720 | D        | Noticed Ehaahes the pandemonium lord
 12727 | D        | Mangled by Ehaahes the pandemonium lord

Illustrated notes

Levels and vault maps discovered:
D:        pitsprint [storerooms_1, entrance_room_1, metal_vault_2, armoury_3,
          mini_pit_1, grid_room_1, main_hall_1, silver_pit, the_coven_3,
          the_vestibule_1, steel_vault_3, golden_pit, hallway_of_sentries,
          crystal_vault_1, iron_vault_4, final_vault]

Skill      XL: |  1  2  3  4  5  6  7  8  9 10 11 12 13 14 15 |
---------------+----------------------------------------------+-----
Invocations    | 2 5 7 9 10 12 14 16 | 16.0
Ranged Weapons | 6 8 9 11 13 14 16 18 | 18.0
Fighting       | 4 7 12 15 | 15.9
Dodging        | 6 18 26 27 | 27.0
Armour         | 3 8 13 15 16 | 16.0
Evocations     | 5 |  5.0
Spellcasting   | 10 | 10.8
Necromancy     | 8 |  8.3
Earth Magic    | 8 |  8.3
Stealth        | |  1.5

Action                     |  1- 3 |  4- 6 |  7- 9 | 10-12 | 13-15 || total
---------------------------+-------+-------+-------+-------+-------++-------
   Fire: Shortbow          |    32 |    13 |    65 |   134 |     9 ||   253
         Arbalest          |       |       |       |       |   278 ||   278
 Invoke: Upheaval          |     1 |     8 |    18 |    37 |    37 ||   101
         Disaster Area     |       |       |       |     4 |     3 ||     7
    Use: Scroll            |       |       |       |       |     6 ||     6
         Potion            |       |       |       |       |     4 ||     4
 Armour: Robe              |     1 |       |     6 |     1 |       ||     8
         Acid dragon scale |       |       |       |       |    11 ||    11
  Dodge: Dodged            |    25 |       |    16 |    31 |   166 ||   238
         Repelled          |       |       |     2 |     3 |     4 ||     9
  Block: Other             |     2 |       |    11 |     7 |    95 ||   115
         Reflection        |       |       |       |       |     8 ||     8
